 Dungeon Crawl Stone Soup version 0.26-a0-752-gcff87cac9a (webtiles) character file.

Game seed: 3251102342712645338

611 mhtbhm the Cudgeler (level 7, -2/44 HPs)
             Began as a Gargoyle Berserker on Nov 7, 2020.
             Was a Priest of Trog.
             Slain by an ogre
             ... wielding a +0 giant club
              (16 damage)
             ... on level 4 of the Dungeon.
             The game lasted 00:04:39 (3732 turns).

mhtbhm the Cudgeler (Gargoyle Berserker)            Turns: 3732, Time: 00:04:39

Health: -2/44      AC: 11    Str: 23    XL:     7   Next: 44%
Magic:  7/7        EV: 11    Int:  7    God:    Trog [***...]
Gold:   142        SH:  0    Dex:  9    Spells: 6/6 levels left

rFire    . . .     SeeInvis .   a - +1 mace
rCold    . . .     Faith    .   (no shield)
rNeg     + . .     Spirit   .   b - +0 scale mail
rPois    ∞         Reflect  .   (no helmet)
rElec    +         Harm     .   (no cloak)
rCorr    .         Rampage  .   (no gloves)
MR       .....                  (no boots)
Stlth    ..........             (no amulet)
HPRegen  0.14/turn              (no ring)
MPRegen  0.10/turn              (no ring)

@: no status effects
A: negative energy resistance 1, electricity resistance, unbreathing,
petrification resistance, rot immunity, AC +4
a: Berserk, Trog's Hand, Renounce Religion


You were on level 4 of the Dungeon.
You worshipped Trog.
Trog was most pleased with you.
You visited 1 branch of the dungeon, and saw 4 of its levels.

You collected 142 gold pieces.

Inventory:

Hand Weapons
 a - a +1 mace (weapon)
Armour
 b - a +0 scale mail (worn)
Jewellery
 r - an uncursed ring of protection from cold {unknown}
Scrolls
 c - 3 scrolls of teleportation {unknown}
 g - a scroll of fear
 h - 2 scrolls of enchant weapon
 i - a scroll of random uselessness {unknown}
 k - 4 scrolls of remove curse {unknown}
 m - a scroll of magic mapping {unknown}
 n - a scroll of identify
 o - 2 scrolls of amnesia {unknown}
 p - a scroll of blinking {unknown}
 q - a scroll of enchant armour {unknown}
Potions
 d - 2 potions of curing
 e - 2 potions of heal wounds
 f - 2 potions of invisibility {unknown}
 j - a potion of degeneration {unknown}
 l - a potion of haste {unknown}
 s - a potion of attraction {unknown}


   Skills:
 + Level 5.0 Fighting
 + Level 6.4 Maces & Flails
 + Level 4.1 Armour
 + Level 2.5 Dodging
 + Level 0.1 Stealth


You had 6 spell levels left.
You didn't know any spells.
Your spell library was empty.

Dungeon Overview and Level Annotations

Branches:
Dungeon (4/15)             Temple (0/1) D:4

Altars:


Innate Abilities, Weirdness & Mutations

You are resistant to torment.
Your stone body is resilient. (AC +4)
You are immune to poison.
You resist negative energy. (rN+)
You are resistant to electric shocks. (rElec)
You can survive without breathing.
You are immune to petrification.
You are immune to rotting.


Message History

The ogre hits you with a +0 giant club!
You are too injured to fight recklessly!
You are too injured to fight recklessly!
You are too injured to fight recklessly!
You are too injured to fight recklessly!
You are too injured to fight recklessly!
You are too injured to fight recklessly!
You are too injured to fight recklessly!
You are too injured to fight recklessly!
You are too injured to fight recklessly!
You are too injured to fight recklessly!
You are too injured to fight recklessly!
You are too injured to fight recklessly!
You are too injured to fight recklessly!
You closely miss the ogre.
The ogre is almost dead.
You completely miss the ogre.
The ogre is almost dead.
The ogre hits you with a +0 giant club!
You die...

#. #.###.##.# ##'# #.#
#.##.# ##...##
#.###.##.# ##.....##
#.##..##†# ##.......##
#.#†.###.#
#.........###....###.###
'.........'........<....
#.........##.........###
#....O@.###.##..###.#
##.....## #.###..##.#
##...## #.# ##.##.# ##+#
#.# .##.# #.# .##.# #..
.. ###


You could see an ogre.

Vanquished Creatures
  Eustachio (D:4)
  An ogre (D:4)
  A scorpion (D:3)
  2 orc wizards
  A hound (D:4)
  An iguana (D:4)
  2 worker ants (D:4)
  6 adders
  2 oozes
  A worm (D:3)
  4 dart slugs
  3 leopard geckos (D:2)
  16 orcs
  2 ball pythons
  8 bats
  8 giant cockroaches
  7 goblins
  13 hobgoblins
  7 kobolds
  A quokka (D:4)
  3 frilled lizards
  9 rats
99 creatures vanquished.

Notes
Turn   | Place    | Note
-------+----------+-------------------------------------------
     0 | D:1      | mhtbhm the Gargoyle Berserker began the quest for the Orb.
     0 | D:1      | Reached XP level 1. HP: 14/14 MP: 1/1
   139 | D:1      | Reached XP level 2. HP: 18/19 MP: 2/2
   503 | D:1      | Reached XP level 3. HP: 24/24 MP: 3/3
   803 | D:1      | Reached ** piety under Trog
  1038 | D:1      | You fall into a shaft and drop 1 floor!
  1170 | D:2      | Reached skill level 4 in Maces & Flails
  1170 | D:2      | Reached XP level 4. HP: 19/29 MP: 4/4
  2124 | D:3      | Reached XP level 5. HP: 19/33 MP: 5/5
  2562 | D:3      | Reached *** piety under Trog
  2597 | D:3      | Reached skill level 5 in Maces & Flails
  2606 | D:3      | Reached XP level 6. HP: 31/38 MP: 6/6
  3067 | D:4      | Found a staircase to the Ecumenical Temple.
  3311 | D:4      | Noticed Eustachio
  3338 | D:4      | Killed Eustachio
  3338 | D:4      | Reached skill level 6 in Maces & Flails
  3338 | D:4      | Reached XP level 7. HP: 44/44 MP: 7/7
  3554 | D:4      | Reached skill level 5 in Fighting
  3732 | D:4      | Slain by an ogre

Illustrated notes

Levels and vault maps discovered:
D:1:      lightli_molten_gateway, layout_basic, roderic_filled_cross
D:2:      layout_rooms
D:3:      layout_basic, minivault_23, minmay_fractal_squares_gapless_5
D:4:      layout_loops_corners, minmay_temple_entry_hall,
          uniq_crazy_yiuf_cottage, uniq_eustachio

Skill      XL: |  1  2  3  4  5  6  7 |
---------------+----------------------+-----
Maces & Flails | 4 5 6 |  6.4
Dodging        | 2 |  2.5
Fighting       | 4 5 |  5.0
Armour         | 3 4 |  4.1
Stealth        | |  0.1

Action                   |  1- 3 |  4- 6 |  7- 9 || total
-------------------------+-------+-------+-------++-------
Melee: Mace              |   149 |   278 |    29 ||   456
Invok: Berserk           |       |     2 |       ||     2
  Use: Scroll            |       |     4 |       ||     4
Armor: Animal skin       |     1 |       |       ||     1
       Ring mail         |    66 |       |       ||    66
       Scale mail        |    24 |   174 |     5 ||   203
Dodge: Dodged            |   131 |   173 |    16 ||   320

Table legend: (Time is in decaauts)
 A = Elapsed time spent in this place.
 B = Non-inter-level travel time spent in this place.
 C = Inter-level travel time spent in this place.
 D = Time resting spent in this place.
 E = Time spent auto-exploring this place.
 F = Levels seen in this place.
 G = Mean time per level.
                   A        B        C        D        E       F      G
               +--------+--------+--------+--------+--------+-----+--------+
         Total |   3839 |   3808 |     31 |    420 |   2460 |   4 |  959.8 |
       Dungeon |   3839 |   3808 |     31 |    420 |   2460 |   4 |  959.8 |
               +--------+--------+--------+--------+--------+-----+--------+

Top non-repeatable levels by time:
     D:3: 1138 daAuts
     D:1: 1061 daAuts
     D:4: 846 daAuts
     D:2: 792 daAuts
